 Dungeon Crawl Stone Soup version 0.19.1 (webtiles) character file.

609 Gargoyl the Skirmisher (level 7, -5/61 HPs)
             Began as a Yellow Draconian Abyssal Knight on Dec 3, 2016.
             Was a Priest of Lugonu.
             Slain by an orc
             ... wielding a +0 trident
              (9 damage)
             ... on level 4 of the Dungeon.
             The game lasted 00:09:22 (4347 turns).

Gargoyl the Skirmisher (DrAK)                       Turns: 4347, Time: 00:09:23

Health: -5/61      AC:  7    Str: 17    XL:     7   Next: 19%
Magic:  9/9        EV: 13    Int: 12    God:    Lugonu [***...]
Gold:   238        SH:  0    Dex: 10    Spells: 0 memorised, 6 levels left

rFire  . . .     SeeInvis .     a - +1 hand axe
rCold  . . .     Gourm    .     (armour unavailable)
rNeg   . . .     Faith    .     (no shield)
rPois  .         Spirit   .     (helmet restricted)
rElec  .         Reflect  .     (no cloak)
rCorr  +         Harm     .     i - +0 pair of gloves
MR     +....                    (no boots)
Stlth  +.........               (no amulet)
                                j - ring of protection from magic
                                e - +3 ring of slaying

@: hasted, very quick
A: spit acid, acid resistance, unfitting armour, cold-blooded, AC +6
a: Spit Acid, Depart the Abyss, Bend Space, Banish, Renounce Religion


You were on level 4 of the Dungeon.
You worshipped Lugonu.
Lugonu was most pleased with you.
You were near starving.

You visited 1 branch of the dungeon, and saw 4 of its levels.
You visited the Abyss 1 time.
You also visited: Sewer.

You collected 238 gold pieces.

Inventory:

Hand Weapons
 a - a +1 hand axe (weapon)
 f - a +3 hand axe
Armour
 i - a +0 pair of gloves (worn)
Jewellery
 e - a +3 ring of slaying (left hand)
 j - a ring of protection from magic (right hand)
Wands
 o - a wand of disintegration (12/24)
Scrolls
 c - a scroll of teleportation
 m - a scroll of amnesia
Potions
 d - a potion of flight
 p - a potion of magic {unknown}
Books
 n - a book of Minor Magic

   Spells                             Type                      Level
   a - Magic Dart                     Conjuration                  1
   b - Blink                          Translocation                2
   c - Call Imp                       Summoning                    2
   d - Repel Missiles                 Charms/Air                   2
   e - Slow                           Hexes                        2
   f - Conjure Flame                  Conjuration/Fire             3
   g - Mephitic Cloud                 Conjuration/Poison/Air       3
Comestibles
 b - a bread ration
 h - a beef jerky
 l - a meat ration


   Skills:
 * Level 5.6 Fighting
 + Level 4.7 Axes
 * Level 3.9 Dodging
 + Level 0.4 Stealth
 * Level 3.8 Invocations


You had 6 spell levels left.
You didn't know any spells.

Dungeon Overview and Level Annotations

Branches:
Dungeon (4/15)
 Temple: D:4-7

Altars:
Ru
Vehumet
The Shining One

Annotations:
D:3 Grinder


Innate Abilities, Weirdness & Mutations

You can spit globs of acid.
You are resistant to acid.
Your golden yellow scales are hard. (AC +6)
You cannot fit into any form of body armour.
You are cold-blooded and may be slowed by cold attacks.


Message History

* * * LOW HITPOINT WARNING * * *
You see here a leopard gecko corpse.
You miss something.
You are near starving!
You hear some strange, mumbled words.
A magic dart appears from out of thin air!
The magic dart hits you!
* * * LOW HITPOINT WARNING * * *
The orc closely misses you.
You feel better. Something hits you but does no damage.
You closely miss something.
You hear some strange, mumbled words.
A puff of frost appears from out of thin air!
The puff of frost hits you!
* * * LOW HITPOINT WARNING * * *
The orc completely misses you. Something hits you but does no damage.
It was a potion of haste.
You feel yourself speed up. Something hits you but does no damage.
The orc hits you from afar with a trident!
You die...

.............................
....#.......................
....#.......##....##....##.
....#.......##....##....# ..
>...##...... #..........# ..#
....##########..........##...#
.............#................
.............#................
.............#..@.............
[............#..{.............
##..###....#####o###....######
##..###....###.[)# ######
............#.........S.
............#....)......
............#...........
.....##....##...........
....)##....##...........


You could see an orc.

Vanquished Creatures
  An ogre (D:4)
  2 bullfrogs (Sewer)
  A howler monkey (D:4)
  A hound (D:4)
  Ijyb (D:3)
  3 worker ants (D:4)
  9 adders
  2 oozes (D:2)
  3 worms
  2 dart slugs (D:2)
  9 leopard geckos
  7 orcs
  4 ball pythons
  11 giant cockroaches
  13 goblins
  11 hobgoblins
  9 jackals
  8 kobolds
  4 quokkas
  A bat (D:1)
  10 frilled lizards
  6 rats
118 creatures vanquished.

Notes
Turn   | Place    | Note
-------+----------+-------------------------------------------
     0 | Abyss:1  | Gargoyl the Draconian Abyssal Knight began the quest for the Orb.
     0 | Abyss:1  | Reached XP level 1. HP: 19/19 MP: 2/2
    68 | Abyss:4  | Noticed a worldbinder
    68 | Abyss:4  | Noticed a worldbinder
    68 | Abyss:4  | Noticed a rakshasa
    70 | Abyss:4  | Noticed a manticore
    70 | Abyss:4  | Noticed a siren
    70 | Abyss:4  | Noticed a swamp drake
    71 | D:1      | Escaped the Abyss
   169 | D:1      | Reached XP level 2. HP: 27/27 MP: 3/3
   215 | D:1      | Reached * piety under Lugonu
   350 | D:1      | Reached skill level 4 in Fighting
   460 | D:1      | Reached XP level 3. HP: 30/33 MP: 4/4
   947 | D:2      | Reached XP level 4. HP: 21/41 MP: 5/5
  1464 | D:2      | Found a faded altar of an unknown god.
  1603 | D:2      | Reached ** piety under Lugonu
  1659 | D:2      | Found a glowing golden altar of the Shining One.
  1682 | D:2      | Found a sacrificial altar of Ru.
  2414 | D:3      | Noticed Grinder
  2544 | D:3      | Noticed Ijyb
  2546 | D:3      | Reached XP level 5. HP: 47/47 MP: 6/6
  2557 | D:3      | Killed Ijyb
  2950 | D:4      | Noticed an ogre
  3015 | D:4      | Killed an ogre
  3015 | D:4      | Reached skill level 5 in Fighting
  3015 | D:4      | Reached XP level 6. HP: 7/56 MP: 8/8
  3459 | D:4      | Found a radiant altar of Vehumet.
  3519 | D:4      | Found a glowing drain.
  3530 | Sewer    | Entered a sewer
  3573 | Sewer    | Reached *** piety under Lugonu
  3894 | Sewer    | Your scales start taking on a golden yellow colour.
  3894 | Sewer    | Reached XP level 7. HP: 42/61 MP: 9/9
  4347 | D:4      | Slain by an orc

Skill      XL: |  1  2  3  4  5  6 |
---------------+-------------------+-----
Fighting       | 4 5 |  5.6
Dodging        | 3 |  3.9
Axes           | 3 4 |  4.7
Invocations    | 3 |  3.8
Stealth        | |  0.4

Action                   |  1- 3 |  4- 6 |  7- 9 || total
-------------------------+-------+-------+-------++-------
Melee: Hand axe          |    85 |   196 |    26 ||   307
       Tailslap          |     9 |    10 |     5 ||    24
Invok: Depart the Abyss  |     1 |       |       ||     1
 Abil: Spit Acid         |       |       |     1 ||     1
  Use: Scroll            |     1 |     5 |       ||     6
       Potion            |       |     4 |     3 ||     7
 Stab: Sleeping          |       |     3 |       ||     3
  Eat: Chunk             |       |     6 |       ||     6
       Bread ration      |       |     1 |       ||     1
Armor: Skin              |    13 |    69 |    11 ||    93
Dodge: Dodged            |    55 |   159 |    38 ||   252
